 Dungeon Crawl Stone Soup version 0.20-a0-1074-g6a0a8e1 (webtiles) character file.

7857 JeffiDaFish the Blocker (level 11, -2/73 HPs)
             Began as a Gargoyle Fighter on Apr 29, 2017.
             Was an Elder of Okawaru.
             Killed from afar by Harold (24 damage)
             ... with a bolt of fire
             ... on level 10 of the Dungeon.
             The game lasted 00:15:15 (8308 turns).

JeffiDaFish the Blocker (Gargoyle Fighter)          Turns: 8308, Time: 00:15:15

Health: -2/73      AC: 23    Str: 19    XL:     11   Next: 21%
Magic:  12/12      EV:  8    Int: 12    God:    Okawaru [****..]
Gold:   577        SH: 17    Dex: 12    Spells: 6/11 levels left

rFire    . . .     SeeInvis .   b - +2 whip (elec)
rCold    . . .     Gourm    .   c - +1 shield
rNeg     + . .     Faith    .   t - +0 plate armour
rPois    ∞         Spirit   .   (no helmet)
rElec    +         Reflect  .   m - +1 cloak
rCorr    +         Harm     .   (no gloves)
MR       .....                  (no boots)
Stlth    ..........             (no amulet)
Regen    0.0/turn               x - ring of resist corrosion
MPRegen  0.2/turn               u - +2 ring of evasion

@: no status effects
A: large bone plates 1, clever 1, negative energy resistance 1, robust 1,
electricity resistance, inhibited regeneration, unbreathing, petrification
resistance, rot immunity, AC +7
a: Heroism, Renounce Religion


You were on level 10 of the Dungeon.
You worshipped Okawaru.
Okawaru was greatly pleased with you.
You were hungry.

You visited 2 branches of the dungeon, and saw 11 of its levels.

You collected 577 gold pieces.

Inventory:

Hand Weapons
 b - a +2 whip of electrocution (weapon)
Armour
 c - a +1 shield (worn)
 m - a +1 cloak (worn)
 t - a +0 plate armour (worn)
Jewellery
 u - a +2 ring of evasion (right hand)
 x - a ring of resist corrosion (left hand)
Wands
 w - a wand of flame (13/48)
 z - a wand of acid (0/15)
Scrolls
 l - 6 scrolls of remove curse
 o - 10 scrolls of identify
 p - a scroll of fear
 r - 5 scrolls of recharging
 s - 2 scrolls of blinking
 A - a scroll of teleportation
Potions
 a - 2 potions of heal wounds
 d - 4 potions of might
 e - a potion of resistance
 i - 2 potions of curing
 k - 2 potions of ambrosia
 n - a potion of cancellation
 q - a potion of berserk rage
Books
 v - a book of Changes

   Spells                             Type                      Level
   a - Beastly Appendage              Transmutation                1
   b - Sticks to Snakes               Transmutation                2
   c - Spider Form                    Transmutation/Poison         3
   d - Ice Form                       Ice/Transmutation            4
   e - Blade Hands                    Transmutation                5
 y - a book of Maledictions

   Spells                             Type                      Level
   a - Corona                         Hexes                        1
   b - Ensorcelled Hibernation        Hexes/Ice                    2
   c - Confuse                        Hexes                        3
   d - Tukima's Dance                 Hexes                        3
   e - Dazzling Spray                 Conjuration/Hexes            3
 B - a book of Transfigurations

   Spells                             Type                      Level
   a - Irradiate                      Conjuration/Transmutation    5
   b - Statue Form                    Transmutation/Earth          6
   c - Hydra Form                     Transmutation                6
   d - Dragon Form                    Transmutation                7
Comestibles
 f - 7 bread rations
 g - 4 fruits
 h - 9 meat rations
 j - 14 royal jellies


   Skills:
 * Level 7.5 Fighting
 * Level 10.1 Maces & Flails
 * Level 8.2 Armour
 - Level 2.0 Dodging
 - Level 1.0 Stealth
 * Level 11.0 Shields
 + Level 0.8 Spellcasting
 + Level 1.2 Conjurations
 + Level 1.1 Transmutations


You had 6 spell levels left.
You knew the following spells:

 Your Spells              Type           Power        Failure   Level  Hunger
a - Irradiate             Conj/Tmut      #.........   100%        5    ######.


Dungeon Overview and Level Annotations

Branches:
Dungeon (10/15)            Temple (1/1) D:7
   Lair: D:8-11         Orc: D:9-12

Altars:
Ashenzari
Cheibriados
Dithmenos
Elyvilon
Fedhas
Gozag
Hepliaklqana
Kikubaaqudgha
Makhleb
Nemelex Xobeh
Okawaru
Qazlal
Ru
Sif Muna
Trog
Uskayaw
Vehumet
Wu Jian
Xom
Yredelemnul
Zin
The Shining One

Shops:
D:8 (

Annotations:
D:10 Harold


Innate Abilities, Weirdness & Mutations

You are resistant to torment.
Your stone body is resilient. (AC +7)
You are immune to poison.
You resist negative energy. (rN+)
You are resistant to electric shocks. (rElec)
You can survive without breathing.
You are immune to petrification.
You are immune to rotting.
You are partially covered in large bone plates. (SH +4)
Your mind is acute. (Int +2)
You are robust. (+10% HP)
You do not regenerate when monsters are visible.


Message History

Harold is lightly wounded.
You hit Harold but do no damage.
Harold is lightly wounded.
Harold hits you with a flail.
You hit Harold. Lightning courses through Harold!
Harold is moderately wounded.
You hit Harold.
Harold is heavily wounded.
You block Harold's attack.
You hit Harold. Lightning courses through Harold!
Harold is severely wounded.
You hit Harold.
Harold is severely wounded.
Harold gestures at you while chanting. The bolt of fire hits you!
You hit Harold.
Harold is severely wounded.
Harold casts a spell at you. The bolt of fire hits you!
You die...

####### ....... .......
#### .......###########
.... ...............%...
....
........................
...........<.......#####
......@@................
#####....(..............
#####(..............
#...............
#...............
#...............
#...............
#........>..>...
#.......†......[


You could see Harold.

Vanquished Creatures
  A two-headed ogre (D:9)
  Pikel (D:7)
  Joseph (D:7)
  Psyche (D:8)
  A gargoyle (D:10)
  2 trolls (D:9)
  Sigmund (D:4)
  3 yaks (D:9)
  A hungry ghost (D:9)
  Menkaure (D:4)
  The ghost of JeffiDaFish the Shield-Bearer, an amateur GrFi (D:3)
  2 water moccasins
  3 orc warriors
  2 sky beasts
  2 black bears
  2 phantoms
  A necrophage (D:8)
  4 ogres
  2 centaurs
  Blork the orc (D:4)
  4 bullfrogs
  A gnoll sergeant (D:6)
  A wyvern skeleton (D:8)
  2 scorpions
  10 killer bees
  9 wights
  2 crimson imps
  3 orc priests
  A gnoll shaman (D:4)
  5 hounds
  4 jellies (D:8)
  A bullfrog skeleton (D:8)
  4 iguanas
  Ijyb (D:3)
  8 worker ants
  9 orc wizards
  A killer bee zombie (D:7)
  A hound zombie (D:7)
  A worker ant zombie (D:8)
  2 howler monkey skeletons
  13 gnolls
  16 adders
  A shadow imp (D:6)
  6 oozes
  An adder skeleton (D:6)
  5 worms
  A dart slug (D:4)
  6 leopard geckos
  19 orcs
  2 giant cockroaches
  9 goblins
  12 hobgoblins
  5 jackals
  16 kobolds
  3 quokkas
  4 ball pythons
  7 bats
  5 frilled lizards
  A leopard gecko skeleton (D:9)
  10 rats
245 creatures vanquished.

Vanquished Creatures (others)
  4 slaves (D:7)
  A killer bee (D:7)
  2 gnolls (D:7)
  A goblin (D:7)
8 creatures vanquished.

Grand Total: 253 creatures vanquished

Notes
Turn   | Place    | Note
-------+----------+-------------------------------------------
     0 | D:1      | JeffiDaFish the Gargoyle Fighter began the quest for the Orb.
     0 | D:1      | Reached XP level 1. HP: 14/14 MP: 1/1
   309 | D:1      | Reached XP level 2. HP: 18/19 MP: 2/2
   325 | D:1      | Found a sparkling altar of Nemelex Xobeh.
   928 | D:2      | Reached XP level 3. HP: 23/23 MP: 3/3
   944 | D:2      | Found a hide-covered altar of Uskayaw.
  1188 | D:2      | Reached skill level 4 in Shields
  1191 | D:2      | Reached XP level 4. HP: 22/29 MP: 4/4
  1290 | D:2      | Found a deep blue altar of Sif Muna.
  1360 | D:2      | Found a hazy altar of Hepliaklqana.
  1500 | D:3      | Found a sparkling altar of Nemelex Xobeh.
  1694 | D:3      | Noticed JeffiDaFish's ghost (amateur GrFi)
  1707 | D:3      | Killed JeffiDaFish's ghost
  1707 | D:3      | Reached skill level 1 in Dodging
  1707 | D:3      | Reached XP level 5. HP: 11/33 MP: 5/5
  2071 | D:3      | Reached XP level 6. HP: 37/38 MP: 6/6
  2243 | D:3      | Noticed Ijyb
  2260 | D:3      | Killed Ijyb
  2584 | D:4      | Found a glowing golden altar of the Shining One.
  2584 | D:4      | Noticed Blork the orc
  2584 | D:4      | Noticed Menkaure
  2589 | D:4      | Noticed Sigmund
  2939 | D:4      | Reached skill level 5 in Shields
  2998 | D:4      | Found a snail-covered altar of Cheibriados.
  3020 | D:4      | Killed Sigmund
  3020 | D:4      | Reached XP level 7. HP: 43/43 MP: 7/7
  3024 | D:4      | Killed Blork the orc
  3024 | D:4      | Reached skill level 5 in Maces & Flails
  3051 | D:4      | Killed Menkaure
  3364 | D:4      | Gained mutation: You are robust. (+10% HP) [potion of mutation]
  3364 | D:4      | Gained mutation: Your mind is acute. (Int +2) [potion of mutation]
  3364 | D:4      | Gained mutation: You do not regenerate when monsters are visible. [potion of mutation]
  3364 | D:4      | Gained mutation: You are partially covered in large bone plates. (SH +4) [potion of mutation]
  3433 | D:4      | Reached XP level 8. HP: 51/52 MP: 8/8
  3434 | D:4      | Reached skill level 5 in Armour
  3434 | D:4      | Reached skill level 6 in Shields
  3564 | D:5      | Entered Level 5 of the Dungeon
  4090 | D:6      | Reached skill level 7 in Shields
  4468 | D:6      | Reached skill level 5 in Fighting
  4468 | D:6      | Reached XP level 9. HP: 59/59 MP: 9/9
  4609 | D:6      | Reached skill level 8 in Shields
  4911 | D:6      | Found an ancient bone altar of Kikubaaqudgha.
  4921 | D:6      | Found a sacrificial altar of Ru.
  4926 | D:6      | Found a radiant altar of Vehumet.
  5212 | D:7      | Noticed Pikel
  5222 | D:7      | Killed Pikel
  5281 | D:7      | Found a staircase to the Ecumenical Temple.
  5287 | Temple   | Entered the Ecumenical Temple
  5626 | D:7      | Reached skill level 9 in Shields
  5729 | D:7      | Found an iron altar of Okawaru.
  5752 | D:7      | Became a worshipper of Warmaster Okawaru
  5832 | D:7      | Noticed Joseph
  5846 | D:7      | Killed Joseph
  5846 | D:7      | Reached XP level 10. HP: 58/64 MP: 10/10
  6178 | D:7      | Found a burning altar of Makhleb.
  6490 | D:8      | Noticed Psyche
  6508 | D:8      | Killed Psyche
  6508 | D:8      | Reached * piety under Okawaru
  6542 | D:8      | Found Cobb's Antique Weapon Shoppe.
  7303 | D:9      | Reached skill level 10 in Shields
  7311 | D:9      | Reached ** piety under Okawaru
  7339 | D:9      | Noticed a two-headed ogre
  7378 | D:9      | Killed a two-headed ogre
  7378 | D:9      | Reached skill level 1 in Stealth
  7698 | D:9      | Reached *** piety under Okawaru
  7774 | D:9      | Learned a level 5 spell: Irradiate
  7789 | D:9      | Reached XP level 11. HP: 59/73 MP: 11/11
  7863 | D:9      | Reached skill level 10 in Maces & Flails
  7876 | D:9      | Reached skill level 1 in Conjurations
  8035 | D:10     | Entered Level 10 of the Dungeon
  8085 | D:10     | Reached **** piety under Okawaru
  8085 | D:10     | Reached skill level 1 in Transmutations
  8264 | D:10     | Reached skill level 11 in Shields
  8288 | D:10     | Noticed Harold
  8308 | D:10     | Killed from afar by Harold

Vault maps used:
D:1:      lightli_arrival_quake, nemelex_altar_shiori
D:2:      nicolae_overflow_hidden_temple, eat_drink_and_be_merry_uskayaw,
          lemuel_tele_altar
D:3:      overflow_temple_1_default, first_bread, nrook_uturn, uniq_ijyb
D:4:      corexii_shantytown, old_standard_altar, st_stairs_2,
          kennysheep_slug_shrine, uniq_blork_the_orc, uniq_sigmund,
          uniq_menkaure
D:5:      corexii_shack
D:6:      minmay_overflow_temple_star_quad, corexii_item_surrounded_by_moat
D:7:      kennysheep_mini, okawaru_altar_gauntlet_db, minmay_temple_entry_hall,
          uniq_joseph, uniq_pikel
D:8:      serial_shops, nicolae_shop_statue_plus, basic_loot_grate_trap,
          hangedman_little_slice_of_home, uniq_psyche
D:10:     kb_forest_paths, uniq_harold
Temple:   oiseaux_autumnal_temple

Skill      XL: |  1  2  3  4  5  6  7  8  9 10 11 |
---------------+----------------------------------+-----
Shields        | 4 5 7 9 10 11 | 11.0
Armour         | 4 5 6 8 |  8.2
Maces & Flails | 3 4 5 7 8 9 10 | 10.1
Dodging        | 1 2 |  2.0
Fighting       | 4 5 7 |  7.5
Stealth        | 1 |  1.0
Conjurations   | 1 |  1.2
Transmutations | 1 |  1.1
Spellcasting   | |  0.8

Action                   |  1- 3 |  4- 6 |  7- 9 | 10-12 || total
-------------------------+-------+-------+-------+-------++-------
Melee: Flail             |    96 |   166 |       |       ||   262
       Whip              |       |    40 |   408 |   476 ||   924
Evoke: Wand              |       |       |       |     4 ||     4
  Use: Scroll            |     6 |     4 |     4 |     4 ||    18
       Potion            |     3 |     4 |     3 |     2 ||    12
 Stab: Invisible         |       |       |       |     1 ||     1
  Eat: Chunk             |     1 |     6 |    10 |     9 ||    26
Armor: Scale mail        |    48 |    48 |       |       ||    96
       Chain mail        |       |    40 |   102 |       ||   142
       Plate armour      |       |       |    71 |   159 ||   230
Dodge: Dodged            |    34 |    59 |    48 |    48 ||   189
Block: Shield            |    64 |   104 |   230 |   282 ||   680
